AoeStats
← fechinoo

Nomad

510142202Analyzed
4v4 RM · 2d ago on Sep 29, 2026· 32m 44s· 8 players
Game mode
Random Map
Map size
231×231
Population
200
Speed
Normal
Resources
Standard
Victory
Conquest
Starting age
Dark Age
Ending age
Imperial Age
RankedLock teamsTeams togetherTeam positionsShared explorationLock speedFull tech treeHidden civsTurbo modeCheats
Victory
Defeat
🇩🇪 Italians · Germany
1165
+13
🇦🇺 Mongols · Australia
1145
+14
🇫🇷 Lithuanians · France
1120
+15
🇨🇱 Celts · Chile
1108
+15
🇨🇳 Khmer · China
1128
-16
🇸🇪 Britons · Sweden
1122
-15
🇨🇳 Franks · China
1084
-14
🇨🇳 Vietnamese · China
1052
-12
President of USA
5:02 Loom
15:05 Feudal Age
21:42 Castle Age
20:09 Horse Collar
24:03 Heavy Plow
25:28 Wheelbarrow
Superhoops
5:09 Loom
15:49 Feudal Age
23:25 Castle Age
22:24 Fletching
25:18 Medium Warships
25:45 Double-Bit Axe
27:12 Wheelbarrow
27:41 Bodkin Arrow
29:09 Ballistics
31:07 Gold Mining
31:08 Stone Mining
31:43 Bow Saw
31:57 Horse Collar
老徐
13:48 Feudal Age
14:30 Double-Bit Axe
14:28 Fishing Lines
14:37 Horse Collar
16:31 Wheelbarrow
16:16 Loom
20:27 Castle Age
19:16 Scale Barding Armor
19:21 Forging
21:35 Bloodlines
21:25 Husbandry
21:36 Bloodlines
21:26 Husbandry
21:48 Chain Barding Armor
21:38 Forging
21:56 Bow Saw
22:33 Heavy Plow
24:34 Forging
28:09 Iron Casting
fechinoo
5:45 Loom
15:53 Feudal Age
16:32 Double-Bit Axe
21:35 Castle Age
20:57 Scale Mail Armor
21:08 Forging
21:18 Gold Mining
22:51 Bow Saw
23:08 Chain Mail Armor
22:56 Squires
22:42 Arson
26:06 Wheelbarrow
30:54 Iron Casting
T.Mücke_63
13:38 Feudal Age
16:04 Loom
18:39 Castle Age
16:27 Double-Bit Axe
16:41 Fishing Lines
19:06 Town Watch
19:54 Bow Saw
20:16 Medium Warships
21:03 Gillnets
22:43 Gold Mining
22:54 Stone Mining
25:39 Fletching
27:46 Wheelbarrow
28:58 Horse Collar
tretts
11:22 Loom
13:36 Feudal Age
21:03 Castle Age
19:10 Fletching
21:17 Forging
21:13 Scale Barding Armor
22:42 Iron Casting
25:57 Pikeman
28:47 Hill Forts
Nichelson3360
8:38 Loom
18:27 Feudal Age
20:34 Double-Bit Axe
23:23 Castle Age
22:19 Stone Mining
22:24 Fishing Lines
24:00 Scale Mail Armor
24:11 Forging
23:54 Gold Mining
24:34 Town Watch
25:10 Bow Saw
26:16 Iron Casting
25:56 Chain Mail Armor
31:18 Man-at-Arms
31:45 Arson
DreamStolen
5:09 Loom
14:14 Feudal Age
18:56 Castle Age
17:56 Bloodlines
22:37 Horse Collar
23:13 Thumb Ring
23:49 Wheelbarrow
25:13 Double-Bit Axe
28:13 Hand Cart
29:01 Fletching
29:12 Padded Archer Armor
29:59 Bodkin Arrow
34:33 Imperial Age
Connection lost

Rejoining the realm…

Still unreachable

The connection could not be restored.

Session expired

The server has moved on; the page needs a fresh start.